 Dungeon Crawl Stone Soup version 0.24.0-123-gd5b16e6ec5 (webtiles) character file.

Game seed: 11104870704494636467, levelgen mode: deterministic

13769 mortelune the Destroyer (level 12, -4/73 HPs)
             Began as a Gargoyle Fire Elementalist on Jan 19, 2020.
             Was an Elder of Vehumet.
             Slain by a death yak (13 damage)
             ... in a Gauntlet.
             The game lasted 00:35:50 (19010 turns).

mortelune the Destroyer (GrFE)                     Turns: 19010, Time: 00:35:51

Health: -4/73      AC: 22    Str: 12    XL:     12   Next: 9%
Magic:  8/22       EV: 19    Int: 26    God:    Vehumet [****..]
Gold:   315        SH:  0    Dex: 15    Spells: 7/25 levels left

rFire    + + .     SeeInvis .   H - staff of fire
rCold    x . .     Gourm    .   (no shield)
rNeg     + . .     Faith    .   A - +2 leather armour {rPois}
rPois    ∞         Spirit   .   a - +2 hat
rElec    +         Reflect  .   s - +0 cloak
rCorr    .         Harm     .   V - +1 pair of gloves
MR       .....     NoTele   +   t - +1 pair of boots
Stlth    +++.......             (no amulet)
HPRegen  0.22/turn              q - ring of fire
MPRegen  0.18/turn              R - +2 ring of evasion

@: brilliant, agile
A: negative energy resistance 1, electricity resistance, unbreathing,
petrification resistance, rot immunity, AC +8
a: Renounce Religion


You were in a Gauntlet.
You worshipped Vehumet.
Vehumet was greatly pleased with you.
You were not hungry.

You visited 3 branches of the dungeon, and saw 12 of its levels.
You also visited: Gauntlet.

You collected 645 gold pieces.
You spent 330 gold pieces at shops.

Inventory:

Hand Weapons
 g - a +1 short sword
 D - a +0 whip of venom
 K - a +0 morningstar
 T - the +2 dagger "Fegauwoo" {venom, SInv}
   (You found it on level 10 of the Dungeon)

   It poisons the flesh of those it strikes.
   It lets you see invisible.
Missiles
 J - 122 stones (quivered)
Armour
 a - a +2 hat (worn)
 s - a +0 cloak (worn)
 t - a +1 pair of boots (worn)
 z - a +0 plate armour of cold resistance
 A - a +2 leather armour of poison resistance (worn)
 M - the +1 robe of Serendipity {rPois}
   (You found it on level 8 of the Dungeon)

   It protects you from poison.
 S - a scarf of spirit shield
 V - a +1 pair of gloves (worn)
 X - a +2 hat
Magical Staves
 H - an uncursed staff of fire (weapon)
 W - an uncursed staff of cold
Jewellery
 q - a ring of fire (left hand)
 w - an uncursed ring of see invisible
 E - an uncursed ring of positive energy
 R - a +2 ring of evasion (right hand)
Wands
 i - a wand of iceblast (12)
 j - a wand of digging (11)
 k - a wand of paralysis (18)
 L - a wand of acid (5)
Scrolls
 d - 4 scrolls of remove curse
 o - 6 scrolls of enchant weapon
 u - 2 scrolls of noise
 x - 2 scrolls of immolation {unknown}
 y - 5 scrolls of identify
 B - a scroll of enchant armour
 C - a scroll of amnesia {unknown}
 N - a scroll of teleportation
 Q - a scroll of acquirement {unknown}
 U - a scroll of blinking
Potions
 b - a potion of curing
 e - 2 potions of might {unknown}
 f - 3 potions of brilliance
 h - a potion of flight
 l - a potion of agility
 n - 2 potions of cancellation {unknown}
 r - 2 potions of degeneration {unknown}
 v - 2 potions of lignification {unknown}
 F - a potion of mutation {unknown}
 G - 2 potions of ambrosia {unknown}
 I - 3 potions of haste {unknown}
 O - a potion of berserk rage {unknown}
 P - 3 potions of heal wounds {unknown}
Comestibles
 c - 16 rations
 m - 2 chunks of flesh


   Skills:
 + Level 8.0 Fighting
 + Level 6.6 Armour
 - Level 1.5 Dodging
 - Level 2.1 Stealth
 + Level 7.0 Spellcasting
 * Level 11.4 Conjurations
 * Level 11.0 Fire Magic


You had 7 spell levels left.
You knew the following spells:

 Your Spells              Type           Power        Failure   Level  Hunger
a - Flame Tongue          Conj/Fire      #####        1%          1    None
b - Throw Flame           Conj/Fire      ######       1%          2    None
c - Conjure Flame         Conj/Fire      ########     1%          3    None
d - Sticky Flame          Conj/Fire      ########     1%          4    ###....
e - Fireball              Conj/Fire      ########..   1%          5    #####..
f - Sandblast             Erth           ###...       1%          1    None
q - Blink                 Tloc           N/A          1%          2    None

Your spell library contained the following spells:

 Spells                   Type           Power        Failure   Level  Hunger
 Fulminant Prism          Conj/Hex       ######....   1%          4    ###....
 Corona                   Hex            ###....      1%          1    None
 Magic Dart               Conj           ####         1%          1    None
 Call Imp                 Summ           ###.....     1%          2    None
 Ensorcelled Hibernation  Hex/Ice        ###...       1%          2    None
 Slow                     Hex            ###.....     1%          2    None
 Dazzling Spray           Conj/Hex       ######       1%          3    None
 Inner Flame              Hex/Fire       #######.     1%          3    None
 Mephitic Cloud           Conj/Pois/Air  #####...     1%          3    None
 Confuse                  Hex            ###.....     2%          3    None
 Tukima's Dance           Hex            ###.....     2%          3    None
 Cause Fear               Hex            ###.......   9%          4    ###....
 Silence                  Hex/Air        ###.......   22%         5    #####..
 Yara's Violent Unravell  Hex/Tmut       ###.......   22%         5    #####..
 Deflect Missiles         Chrm/Air       ###.......   67%         6    ######.
 Discord                  Hex            ###.......   100%        8    #######


Dungeon Overview and Level Annotations

Branches:
Dungeon (10/15)            Temple (1/1) D:5            Lair (1/6) D:10
Gauntlet (1/1)
    Orc: D:9-12

Altars:
Ashenzari
Cheibriados
Dithmenos
Elyvilon
Fedhas
Hepliaklqana
Kikubaaqudgha
Nemelex Xobeh
Ru
Vehumet
Wu Jian
Xom
Yredelemnul
Zin

Shops:
D:8 *(}:

Annotations:
D:8 3 runed translucent doors, Lluna's ghost, novice GnAM Gauntlet 8 transporters


Innate Abilities, Weirdness & Mutations

You are resistant to torment.
Your stone body is resilient. (AC +8)
You are immune to poison.
You resist negative energy. (rN+)
You are resistant to electric shocks. (rElec)
You can survive without breathing.
You are immune to petrification.
You are immune to rotting.


Message History

You feel agile all of a sudden. The death yak gores you!
* * * LOW HITPOINT WARNING * * *
Evoke which item? (* to show all) (? for menu, Esc to quit)
Aiming: Corrosive Bolt
Press: ? - help, Shift-Dir - straight line, f - death yak
Aim: a death yak (lightly wounded)
The bolt of acid hits the death yak.
The death yak is splashed with acid!
The acid corrodes the death yak!
The death yak is moderately wounded.
The death yak misses you.
Evoke which item? (* to show all) (? for menu, Esc to quit)
Aiming: Corrosive Bolt
Press: ? - help, Shift-Dir - straight line, f/p - death yak
Aim: a death yak (moderately wounded, covered in acid)
The bolt of acid hits the death yak!
The death yak is splashed with acid.
The death yak seems to be corroded for longer.
The death yak is heavily wounded.
The death yak gores you!
You die...

#8# #8# #8# #8# #8# #8# #8# #8#
#################################
#≈...............................
#................................
#..###########...###########...##
#..#.^.^...^.#.8.#.........#.8.#^
#..#..PP.....#...#.##...##Y#...#^
#..#.^#P..#..#####$#.#.#.#.#####.
#..#:.P.....y#..@#w.##.##.Y#...#9
#..#©.P^©^..y#©Y©#Y.#Y©.#..#©.©#9
#..#[P.y...^y#...#Y.##.##..#...#.
#..#.P#P..#P.#####.#.#.#Y#.######
#..#.^.P.....#...#.##...##.#...#^
#..#.§y.y....#...#.........#...##
#..###########...###########§..##
#≈.............§.............§...
#∩............≈8≈...........≈8≈..


You could see 4 death yaks, a torpor snail and 3 meliai.

Vanquished Creatures
  A hydra (D:6)
  A catoblepas (Gauntlet)
  A death yak (Gauntlet)
  2 centaur zombies (D:10)
  A meliai (D:8)
  A hornet (D:10)
  Prince Ribbit (D:5)
  A tyrant leech (D:10)
  2 hippogriffs
  2 wyverns (D:9)
  22 yaks
  A hungry ghost (D:9)
  3 swamp worms (D:10)
  Duvessa (D:5)
  3 sky beasts
  4 porcupines (D:10)
  5 ice beasts
  4 orc warriors
  An eye of draining (D:8)
  2 phantoms
  A black bear (D:10)
  4 wolves (D:10)
  4 centaurs
  4 ogres
  3 crocodiles (D:10)
  A big kobold (D:7)
  Blork the orc (D:4)
  8 bullfrogs
  A wyvern zombie (D:10)
  Dowan (D:5)
  3 scorpions
  A water moccasin skeleton (D:8)
  2 killer bees
  4 wights (D:8)
  7 howler monkeys
  4 crimson imps
  3 jellies
  A quasit (D:6)
  A bullfrog zombie (D:8)
  8 orc priests
  2 gnoll shamans
  4 hounds
  2 bullfrog skeletons
  3 iguanas
  13 orc wizards
  4 worker ants
  A killer bee zombie (D:9)
  A hound skeleton (D:5)
  A worker ant zombie (D:8)
  A howler monkey skeleton (D:4)
  16 adders
  9 gnolls
  5 shadow imps
  2 oozes
  An adder skeleton (D:7)
  3 worms
  8 leopard geckos
  47 orcs
  7 bats
  7 giant cockroaches
  2 goblins
  5 hobgoblins
  16 jackals
  10 kobolds
  3 quokkas
  A ball python (D:1)
  3 frilled lizards
  A quokka skeleton (D:8)
  6 rats
305 creatures vanquished.

Vanquished Creatures (others)
  8 fungi
  22 plants
30 creatures vanquished.

Grand Total: 335 creatures vanquished

Notes
Turn   | Place    | Note
-------+----------+-------------------------------------------
     0 | D:1      | mortelune the Gargoyle Fire Elementalist began the quest
                  | for the Orb.
     0 | D:1      | Reached XP level 1. HP: 10/10 MP: 3/3
   479 | D:1      | Reached XP level 2. HP: 15/15 MP: 1/5
   742 | D:1      | Learned a level 2 spell: Throw Flame
  1656 | D:2      | Found a white marble altar of Elyvilon.
  1668 | D:2      | Reached XP level 3. HP: 13/19 MP: 0/6
  1757 | D:2      | Learned a level 3 spell: Conjure Flame
  2235 | D:2      | Found a snail-covered altar of Cheibriados.
  2861 | D:2      | Reached XP level 4. HP: 24/24 MP: 0/7
  3082 | D:3      | Found a basalt altar of Yredelemnul.
  3168 | D:3      | Found a blossoming altar of Fedhas.
  3543 | D:3      | Reached skill level 1 in Fighting
  4142 | D:3      | Found an ancient bone altar of Kikubaaqudgha.
  4182 | D:3      | Reached XP level 5. HP: 29/29 MP: 0/8
  4772 | D:4      | Noticed Blork the orc
  4988 | D:4      | Reached XP level 6. HP: 35/35 MP: 6/10
  4994 | D:4      | Learned a level 4 spell: Sticky Flame
  5555 | D:4      | Killed Blork the orc
  5555 | D:4      | Reached skill level 5 in Fire Magic
  5624 | D:4      | Reached XP level 7. HP: 40/40 MP: 8/11
  6237 | D:5      | Entered Level 5 of the Dungeon
  6241 | D:5      | Noticed Duvessa
  6241 | D:5      | Noticed Dowan
  6515 | D:5      | Killed Dowan
  6587 | D:5      | Killed Duvessa
  6587 | D:5      | Reached skill level 5 in Conjurations
  6919 | D:5      | Found a staircase to the Ecumenical Temple.
  7116 | D:5      | Reached XP level 8. HP: 46/46 MP: 6/13
  7521 | D:5      | Noticed Prince Ribbit
  7526 | D:5      | Killed Prince Ribbit
  7958 | Temple   | Entered the Ecumenical Temple
  7994 | Temple   | Became a worshipper of Vehumet
  8383 | D:6      | You fall into a shaft and drop 1 floor!
  8557 | D:6      | Learned a level 5 spell: Fireball
  8976 | D:6      | Reached skill level 1 in Armour
  9305 | D:6      | Found a shadowy altar of Dithmenos.
  9430 | D:6      | Found a shattered altar of Ashenzari.
  9432 | D:6      | Found a glowing golden altar of the Shining One.
  9432 | D:6      | Found a shattered altar of Ashenzari.
  9434 | D:6      | Found a sacrificial altar of Ru.
  9434 | D:6      | Found a shimmering altar of Xom.
  9434 | D:6      | Found a sparkling altar of Nemelex Xobeh.
  9618 | D:6      | Noticed a four-headed hydra
  9645 | D:6      | Reached XP level 9. HP: 52/52 MP: 8/15
  9706 | D:6      | Killed a four-headed hydra
  9706 | D:6      | Reached skill level 5 in Fighting
 10227 | D:7      | Reached skill level 5 in Spellcasting
 10505 | D:7      | Reached * piety under Vehumet
 10505 | D:7      | Offered knowledge of Sandblast by Vehumet.
 10590 | D:7      | Learned a level 1 spell: Sandblast
 11721 | D:8      | Found Bawiot's Book Emporium.
 11757 | D:8      | Reached XP level 10. HP: 49/60 MP: 1/17
 11890 | D:8      | Found a runed translucent gate.
 11890 | D:8      | Found a runed translucent gate.
 11990 | D:8      | Found a runed translucent gate.
 11990 | D:8      | Noticed Lluna's ghost (novice GnAM)
 11990 | D:8      | Noticed an 11-headed hydra
 12516 | D:8      | Found Kinexuyj's Antique Weapon Boutique.
 12648 | D:8      | Found Obuph's Gadget Shoppe.
 12655 | D:8      | Bought a wand of acid (7) for 330 gold pieces
 12701 | D:8      | Found Zin's Purification Station.
 12702 | D:8      | Found a glowing silver altar of Zin.
 13078 | D:8      | Got a crude robe
 13089 | D:8      | Identified the cursed +1 robe of Serendipity {rPois} (You
                  | found it on level 8 of the Dungeon)
 13140 | D:8      | Reached ** piety under Vehumet
 13241 | D:8      | Offered knowledge of Sting by Vehumet.
 13373 | D:8      | Learned a level 2 spell: Blink
 13384 | D:8      | Found a runed translucent door.
 13384 | D:8      | Found a runed translucent door.
 14027 | D:8      | Noticed a cyan ugly thing
 14034 | D:8      | Noticed an unseen horror
 14486 | D:9      | Found a sacrificial altar of Ru.
 14995 | D:9      | Offered knowledge of Searing Ray by Vehumet.
 14995 | D:9      | Reached skill level 5 in Armour
 14995 | D:9      | Reached XP level 11. HP: 66/66 MP: 13/20
 15005 | D:9      | Reached skill level 10 in Conjurations
 15433 | D:9      | Reached *** piety under Vehumet
 15826 | D:9      | Reached skill level 10 in Fire Magic
 16021 | D:9      | Found an ornate altar of the Wu Jian Council.
 16628 | D:10     | Entered Level 10 of the Dungeon
 16646 | D:10     | Got an iridescent dagger
 16647 | D:10     | Identified the +2 dagger "Fegauwoo" {venom, SInv} (You
                  | found it on level 10 of the Dungeon)
 16855 | D:10     | Offered knowledge of Static Discharge by Vehumet.
 17299 | D:10     | Reached **** piety under Vehumet
 17342 | D:10     | Offered knowledge of Fulminant Prism by Vehumet.
 17967 | D:10     | Found a staircase to the Lair.
 18466 | Lair:1   | Entered Level 1 of the Lair of Beasts
 18495 | Lair:1   | Found a gate leading to a gauntlet.
 18512 | Gauntlet | Entered a Gauntlet
 18512 | Gauntlet | Found a transporter.
 18512 | Gauntlet | Found a transporter.
 18512 | Gauntlet | Found a transporter.
 18512 | Gauntlet | Noticed a catoblepas
 18621 | Gauntlet | Found a transporter.
 18630 | Gauntlet | Noticed a death yak
 18630 | Gauntlet | Noticed a death yak
 18630 | Gauntlet | Noticed a death yak
 18631 | Gauntlet | Found a transporter.
 18631 | Gauntlet | Noticed a death yak
 18631 | Gauntlet | Noticed a death yak
 18635 | Gauntlet | Found a transporter.
 18645 | Gauntlet | Found a transporter.
 18666 | Gauntlet | Found a transporter.
 18671 | Gauntlet | Found a transporter.
 18689 | Gauntlet | Found a transporter.
 18689 | Gauntlet | Found a transporter.
 18689 | Gauntlet | Found a transporter.
 18689 | Gauntlet | Noticed a hell hog
 18745 | Gauntlet | Noticed a death yak
 18746 | Gauntlet | Noticed a death yak
 18746 | Gauntlet | Noticed a death yak
 18836 | Gauntlet | Killed a catoblepas
 18836 | Gauntlet | Reached XP level 12. HP: 42/73 MP: 11/22
 19006 | Gauntlet | Killed a death yak
 19010 | Gauntlet | Slain by a death yak

Levels and vault maps discovered:
D:1:      matt_arrival_diagonals, layout_loops_corners, minmay_misc_feat_five
D:2:      layout_loops_ring, lemuel_round_altar, overflow_temple_1_default
D:3:      layout_basic, kiku_gazebo_garden_becter, grunt_temple_overflow_open
D:4:      layout_loops_ring, first_ration, uniq_blork_the_orc
D:5:      layout_basic, lemuel_temple_firewalk_b, uniq_duvessa,
          uniq_prince_ribbit1
D:6:      minmay_chambers_of_fours, layout_cave_pods, doesnt_xom_only_xom,
          nicolae_dithmenos_through_a_glass_darkly, kennysheep_decorative_pillar
D:7:      layout_loops_ring
D:8:      minmay_the_grid_triangle_9x9_rhombus_full
          [minmay_the_grid_triangle_9x9_descending_squares,
          minmay_the_grid_triangle_9x9_semitri,
          minmay_the_grid_triangle_9x9_skeleton,
          minmay_the_grid_triangle_9x9_windchime,
          minmay_the_grid_triangle_9x9_minimal,
          minmay_the_grid_triangle_9x9_corrupted_corridor,
          minmay_the_grid_triangle_9x9_tough_junction,
          minmay_the_grid_triangle_9x9_prize_center], layout_basic, zin_purify,
          gammafunk_ghost_hydra_chop, serial_shops, nicolae_shop_trees, shop,
          shop
D:9:      layout_stronghold, lemuel_crystal_altar, hangedman_ru_absence
D:10:     layout_irregular_city, minmay_lair_entry_grove, worms_lemuel
Temple:   minmay_temple_forest_path
Lair:1:   layout_loops_ring, gauntlet_entry_generic, infiniplex_staircase_pool
Gauntlet: gammafunk_gauntlet_hard_choice [gammafunk_gauntlet_arena_grid,
          gammafunk_gauntlet_arena_mazey, nicolae_gauntlet_arena_t_cross,
          gammafunk_gauntlet_arena_corners, nicolae_gauntlet_arena_quarters,
          gammafunk_gauntlet_arena_hedges, gauntlet_exit_green]

Skill      XL: |  1  2  3  4  5  6  7  8  9 10 11 12 |
---------------+-------------------------------------+-----
Conjurations   | 2 3 4 5 7 8 9 11 | 11.4
Fighting       | 1 2 3 4 5 6 8 |  8.0
Fire Magic     | 4 5 7 8 9 10 11 | 11.0
Spellcasting   | 3 4 5 6 7 |  7.0
Armour         | 1 3 5 6 |  6.6
Dodging        | |  1.5
Stealth        | |  2.1

Action                   |  1- 3 |  4- 6 |  7- 9 | 10-12 || total
-------------------------+-------+-------+-------+-------++-------
Melee: Unarmed           |     1 |       |       |       ||     1
       Short sword       |    43 |    19 |    76 |       ||   138
       Whip              |       |       |    76 |       ||    76
       Staff             |       |       |    21 |    41 ||    62
       Morningstar       |       |       |       |     2 ||     2
 Cast: Flame Tongue      |    38 |    56 |   144 |   186 ||   424
       Throw Flame       |    23 |    45 |    86 |   114 ||   268
       Conjure Flame     |       |     1 |     3 |     8 ||    12
       Sticky Flame      |       |       |     9 |    38 ||    47
       Fireball          |       |       |     1 |    26 ||    27
       Sandblast         |       |       |     1 |     9 ||    10
       Blink             |       |       |       |     1 ||     1
Evoke: Wand              |       |       |       |     2 ||     2
  Use: Scroll            |       |     5 |     4 |     6 ||    15
       Potion            |       |     2 |       |     5 ||     7
 Stab: Sleeping          |     1 |       |       |       ||     1
  Eat: Chunk             |     8 |    11 |    19 |    32 ||    70
       Ration            |       |       |     1 |     1 ||     2
Armor: Robe              |    24 |    32 |    32 |    19 ||   107
       Leather armour    |       |       |    78 |    56 ||   134
Dodge: Dodged            |    50 |    19 |   133 |    85 ||   287
